 Dungeon Crawl Stone Soup version 0.23-a0-333-g006994f (webtiles) character file.

30648 Gorice the Protected (level 13, -4/101 HPs)
             Began as a Gnoll Wanderer on Oct 16, 2018.
             Was a High Priest of Okawaru.
             Engulfed by an ice statue's freezing vapour (20 damage)
             ... on level 5 of the Lair of Beasts on Oct 17, 2018.
             The game lasted 01:19:39 (16890 turns).

Gorice the Protected (Gnoll Wanderer)              Turns: 16890, Time: 01:19:39

Health: -4/101     AC: 42    Str: 25    XL:     13   Next: 53%
Magic:  25/25      EV:  8    Int: 15    God:    Okawaru [*****.]
Gold:   1048       SH:  6    Dex: 13    Spells: 27/28 levels left

rFire    + . .     SeeInvis +   a - +7 war axe of Righteous Anger {speed, Str+4}
rCold    . . .     Gourm    .   G - +0 buckler "Qagoqolu" {*Drain rN+ MR+ Regen+} (curse)
rNeg     + . .     Faith    .   H - +11 crystal plate armour of Kogeh {SInv}
rPois    .         Spirit   .   m - +0 helmet
rElec    .         Reflect  .   s - +1 cloak
rCorr    +         Harm     .   c - +2 pair of gloves {archery}
MR       +....                  T - +2 pair of boots {Fly}
Stlth    ..........             (no amulet)
HPRegen  0.66/turn              f - ring of protection from fire
MPRegen  0.19/turn              C - ring of resist corrosion

@: flying
A: distributed training, fangs 1, strong nose
a: Heroism, Finesse, Renounce Religion, Stop Flying


You were on level 5 of the Lair of Beasts.
You worshipped Okawaru.
Okawaru was extremely pleased with you.
You were hungry.

You visited 3 branches of the dungeon, and saw 15 of its levels.

You collected 1099 gold pieces.
You spent 51 gold pieces at shops.

Inventory:

Hand Weapons
 a - the +7 war axe of Righteous Anger (weapon) {speed, Str+4}
   (You found it on level 7 of the Dungeon)

   Attacks with this weapon are significantly faster.
   It affects your strength (+4).
 b - the +8 scimitar of Cuidiros {freeze, rElec SInv}
   (You found it on level 7 of the Dungeon)

   It has been specially enchanted to freeze those struck by it, causing extra
   injury to most foes and up to half again as much damage against particularly
   susceptible opponents.
   It can also slow down cold-blooded creatures.
   It insulates you from electricity.
   It lets you see invisible.
 h - a +4 scimitar of flaming
   (You took it off Erica on level 2 of the Lair of Beasts)
 O - the +2 battleaxe of the People {holy, rN+ Str-4 Dex+6 Stlth+}
   (You found it on level 5 of the Lair of Beasts)

   It has been blessed by the Shining One to cause great damage to the undead
   and demons.
   It affects your strength (-4).
   It affects your dexterity (+6).
   It protects you from negative energy.
   It makes you more stealthy.
Missiles
 p - 17 tomahawks
 x - 8 javelins (quivered)
 Z - 10 javelins of penetration
Armour
 c - a +2 pair of gloves of archery (worn)
   (You acquired it on level 2 of the Lair of Beasts)
 m - a +0 helmet (worn)
 s - a +1 cloak (worn)
 G - the cursed +0 buckler "Qagoqolu" (worn) {*Drain rN+ MR+ Regen+}
   (You found it on level 5 of the Dungeon)

   It protects you from negative energy.
   It affects your resistance to hostile enchantments.
   It increases your rate of regeneration.
   It causes draining when unequipped.
   It has a curse placed upon it.
 H - the +11 crystal plate armour of Kogeh (worn) {SInv}
   (Okawaru gifted it to you on level 8 of the Dungeon)

   It lets you see invisible.
 R - the +0 scale mail of Vexation {+Inv rPois SInv, unknown}
   (Okawaru gifted it to you on level 5 of the Lair of Beasts)

   It protects you from poison.
   It lets you see invisible.
   It lets you turn invisible.
 T - a +2 pair of boots of flying (worn)
   (You found it on level 8 of the Dungeon)
Jewellery
 f - a ring of protection from fire (left hand)
 C - a ring of resist corrosion (right hand)
Wands
 d - a wand of enslavement (21)
 j - a wand of digging (30)
 o - a wand of iceblast (22)
 v - a wand of polymorph (12)
 w - a wand of flame (72)
 K - a wand of acid (9)
 N - a wand of disintegration (23)
Scrolls
 e - a scroll of amnesia
 g - 13 scrolls of teleportation {!r}
 l - a scroll of blinking
 u - a scroll of fog
 y - 5 scrolls of remove curse
 B - a scroll of holy word {!r}
 E - a scroll of fear {!r}
 I - a scroll of brand weapon
 J - a scroll of magic mapping {!r}
 P - a scroll of enchant weapon
 S - a scroll of enchant armour
Potions
 i - a potion of mutation {!q}
 n - a potion of lignification {!q}
 q - 3 potions of berserk rage
 r - 4 potions of might {!q}
 t - 5 potions of curing
 z - a potion of ambrosia
 D - 3 potions of agility {!q}
 F - a potion of cancellation {!q}
 L - 2 potions of invisibility {!q}
 Q - a potion of haste {!q}
Miscellaneous
 A - 2 boxes of beasts
Comestibles
 k - 39 rations
 M - a chunk of flesh


   Skills:
 + Level 9.4 Fighting
 + Level 8.2 Short Blades
 + Level 8.2 Long Blades
 + Level 8.2 Axes
 + Level 8.2 Maces & Flails
 + Level 8.2 Polearms
 + Level 8.2 Staves
 + Level 8.2 Slings
 + Level 10.4 Bows
 + Level 8.2 Crossbows
 + Level 8.2 Throwing
 + Level 10.4 Armour
 + Level 8.2 Dodging
 + Level 8.2 Stealth
 + Level 8.7 Shields
 + Level 8.2 Unarmed Combat
 + Level 8.2 Spellcasting
 + Level 6.8 Conjurations
 + Level 6.8 Hexes
 + Level 6.8 Charms
 + Level 6.8 Summonings
 + Level 6.8 Necromancy
 + Level 6.8 Translocations
 + Level 6.8 Transmutations
 + Level 6.8 Fire Magic
 + Level 6.8 Ice Magic
 + Level 6.8 Air Magic
 + Level 6.8 Earth Magic
 + Level 6.8 Poison Magic
 + Level 9.0 Invocations
 + Level 8.7 Evocations


You had 27 spell levels left.
You knew the following spells:

 Your Spells              Type           Power        Failure   Level  Hunger
A - Apportation           Tloc           ####..       30%         1    None

Your spell library contained the following spells:

 Spells                   Type           Power        Failure   Level  Hunger
 Animate Skeleton         Necr           N/A          30%         1    None
 Confusing Touch          Hex            ####..       30%         1    None
 Corona                   Hex            ####...      30%         1    None
 Flame Tongue             Conj/Fire      ####.        30%         1    None
 Freeze                   Ice            ####         30%         1    None
 Magic Dart               Conj           ####         30%         1    None
 Shock                    Conj/Air       ####         30%         1    None
 Sting                    Conj/Pois      ####         30%         1    None
 Summon Small Mammal      Summ           ####         30%         1    None
 Blink                    Tloc           N/A          41%         2    None
 Call Imp                 Summ           ####....     41%         2    None
 Ensorcelled Hibernation  Hex/Ice        ####..       41%         2    None
 Poisonous Vapours        Pois/Air       ####..       41%         2    None
 Slow                     Hex            ####....     41%         2    None
 Swiftness                Chrm/Air       ####....     41%         2    None
 Throw Flame              Conj/Fire      ####..       41%         2    None
 Throw Frost              Conj/Ice       ####..       41%         2    None
 Confuse                  Hex            ####....     65%         3    ##.....
 Conjure Flame            Conj/Fire      ####....     65%         3    ##.....
 Dazzling Spray           Conj/Hex       ####..       65%         3    ##.....
 Inner Flame              Hex/Fire       ####....     65%         3    ##.....
 Mephitic Cloud           Conj/Pois/Air  ####....     65%         3    ##.....
 Ozocubu's Armour         Chrm/Ice       ####....     65%         3    ##.....
 Static Discharge         Conj/Air       ####....     65%         3    ##.....
 Tukima's Dance           Hex            ####....     65%         3    ##.....
 Airstrike                Air            ####......   96%         4    ####...
 Olgreb's Toxic Radiance  Pois           ####....     96%         4    ####...
 Sticky Flame             Conj/Fire      ####....     96%         4    ####...
 Summon Ice Beast         Ice/Summ       ####....     96%         4    ####...
 Throw Icicle             Conj/Ice       ####....     96%         4    ####...
 Fireball                 Conj/Fire      ####......   100%        5    #####..
 Lightning Bolt           Conj/Air       ####......   100%        5    #####..
 Venom Bolt               Conj/Pois      ####......   100%        5    #####..


Dungeon Overview and Level Annotations

Branches:
Dungeon (9/15)             Temple (1/1) D:4            Lair (5/6) D:9
  Swamp (0/4) Lair:3        Snake (0/4) Lair:4
  Slime: Lair:5-6       Orc: D:9-12

Altars:
Ashenzari
Cheibriados
Dithmenos
Elyvilon
Fedhas
Gozag
Hepliaklqana
Kikubaaqudgha
Makhleb
Nemelex Xobeh
Okawaru
Qazlal
Ru
Sif Muna
Trog
Uskayaw
Vehumet
Wu Jian
Xom
Yredelemnul
Zin
The Shining One

Shops:
D:4 *=*   D:7 :   D:9 *

Annotations:
Lair:5 exclusion: ice statue


Innate Abilities, Weirdness & Mutations

Your experience applies equally to all skills.
You have very sharp teeth.
Your uncanny sense of smell can sniff out nearby items.


Message History

The ice statue gestures.
You hit the ice statue but do no damage.
The ice statue is moderately damaged.
You slash the ice beast! You slash the ice statue!
You bite the ice statue, but do no damage.
The ice statue is heavily damaged.
Your crystal plate armour of Kogeh prevents you from hitting the ice beast.
The ice beast hits you but does no damage.
The ice statue gestures at you. The shard of ice hits you!
Damage: 16 (max 16)
You hit the ice statue but do no damage.
You bite the ice statue, but do no damage.
The ice statue is heavily damaged.
You hit the ice beast.
The ice beast hits you but does no damage.
You hit the ice statue.
The ice statue is heavily damaged.
You slash the ice beast!
You kill the ice beast!
The ice statue gestures at you. The freezing blast engulfs you!
Damage: 20 (max 20)
You hit the ice statue.
The ice statue is severely damaged.
You are engulfed in freezing vapours.
Unknown command.
You hit the ice statue.
The ice statue is severely damaged.
You are engulfed in freezing vapours.
Damage: 7 (max 20) Unknown command.
You hit the ice statue.
The ice statue is severely damaged.
You are engulfed in freezing vapours.
* * * LOW HITPOINT WARNING * * *
The ice statue gestures at you. The bolt of cold misses you.
Damage: 16 (max 20)
You hit the ice statue but do no damage.
The ice statue is severely damaged.
You are engulfed in freezing vapours.
The ice statue gestures at you. The bolt of cold hits you!
* * * LOW HITPOINT WARNING * * *
Damage: 31 (max 31)
Okay, then.
You feel better.
You are engulfed in freezing vapours.
You die...

#..................≈.
####################≈
## ###### # #=[)≈##
## =})≈≈## ###≈
#§≈§≈# ##≈≈≈ ##≈≈§##
####≈≈≈≈ #8@§§§###
##≈≈≈≈≈≈#
###§≈≈≈≈###≈≈≈≈≈≈##
##§≈≈≈≈≈≈≈≈≈≈###
###≈≈≈≈≈≈≈###
###≈≈≈### #####


You could see an ice statue.

Vanquished Creatures
  Gastronok (Lair:2)
  Snorg (Lair:3)
  The ghost of Ratty the Fighter, a journeyman MiMo of Yredelemnul (Lair:2)
  Erica (Lair:2)
  Urug (Lair:3)
  2 two-headed ogres
  4 oklob plants
  5 black mambas
  Maurice (D:9)
  4 elephants
  15 spiny frogs
  A rime drake (Lair:4)
  2 komodo dragons
  3 trolls (D:8)
  2 bog bodies (Lair:3)
  2 polar bears
  Prince Ribbit (D:7)
  3 blink frogs (Lair:4)
  9 hippogriffs
  A yak (D:8)
  A wraith (D:7)
  A wyvern (Lair:3)
  3 hungry ghosts
  A steam dragon (Lair:3)
  3 swamp worms (Lair:3)
  8 water moccasins
  Duvessa (D:7)
  12 porcupines
  An orc warrior (D:8)
  An ice beast (D:8)
  3 black bears
  13 centaurs
  4 ogres
  A wolf (D:7)
  10 crocodiles
  14 bullfrogs
  A big kobold (D:7)
  Dowan (D:7)
  5 scorpions
  51 killer bees
  2 howler monkeys
  5 electric eels
  7 crimson imps
  2 bullfrog zombies (D:7)
  5 hounds
  A quasit (D:7)
  6 orc priests
  A jelly (D:7)
  A centaur skeleton (D:7)
  9 orc wizards
  An iguana (D:8)
  5 worker ants
  18 adders
  2 shadow imps
  4 white imps (D:8)
  A worker ant simulacrum (D:8)
  2 ufetubi (D:8)
  2 oozes
  An adder zombie (D:8)
  An adder skeleton (D:9)
  3 worms
  An adder simulacrum (D:8)
  7 leopard geckos
  33 orcs
  4 giant cockroaches
  11 goblins
  9 hobgoblins
  8 jackals (D:2)
  10 kobolds
  5 quokkas
  3 ball pythons
  8 bats
  3 frilled lizards
  A quokka simulacrum (D:8)
  8 rats
  A bush (Lair:3)
  A plant (Lair:1)
387 creatures vanquished.

Vanquished Creatures (collateral kills)
  2 orcs (D:3)
2 creatures vanquished.

Vanquished Creatures (others)
  Pikel (D:6)
  2 slaves (D:6)
  A fungus (D:9)
4 creatures vanquished.

Grand Total: 393 creatures vanquished

Notes
Turn   | Place    | Note
-------+----------+-------------------------------------------
     0 | D:1      | Gorice the Gnoll Wanderer began the quest for the Orb.
     0 | D:1      | Gorice set off with: a +2 scale mail, a potion of curing, a
                  | +0 buckler, a +0 club, a ration
     0 | D:1      | Reached XP level 1. HP: 20/20 MP: 2/2
   147 | D:1      | Reached XP level 2. HP: 26/26 MP: 3/3
   587 | D:1      | Reached XP level 3. HP: 31/31 MP: 4/4
   911 | D:2      | Reached skill level 1 in Invocations
  1046 | D:2      | Reached skill level 1 in Short Blades
  1046 | D:2      | Reached skill level 1 in Long Blades
  1046 | D:2      | Reached skill level 1 in Axes
  1046 | D:2      | Reached skill level 1 in Maces & Flails
  1046 | D:2      | Reached skill level 1 in Polearms
  1046 | D:2      | Reached skill level 1 in Staves
  1046 | D:2      | Reached skill level 1 in Slings
  1046 | D:2      | Reached skill level 1 in Crossbows
  1046 | D:2      | Reached skill level 1 in Throwing
  1046 | D:2      | Reached skill level 1 in Dodging
  1046 | D:2      | Reached skill level 1 in Stealth
  1046 | D:2      | Reached skill level 1 in Unarmed Combat
  1046 | D:2      | Reached skill level 1 in Spellcasting
  1059 | D:2      | Reached XP level 4. HP: 37/38 MP: 6/6
  1502 | D:2      | Found a radiant altar of Vehumet.
  1828 | D:3      | Reached skill level 1 in Conjurations
  1828 | D:3      | Reached skill level 1 in Hexes
  1828 | D:3      | Reached skill level 1 in Charms
  1828 | D:3      | Reached skill level 1 in Summonings
  1828 | D:3      | Reached skill level 1 in Necromancy
  1828 | D:3      | Reached skill level 1 in Translocations
  1828 | D:3      | Reached skill level 1 in Transmutations
  1828 | D:3      | Reached skill level 1 in Fire Magic
  1828 | D:3      | Reached skill level 1 in Ice Magic
  1828 | D:3      | Reached skill level 1 in Air Magic
  1828 | D:3      | Reached skill level 1 in Earth Magic
  1828 | D:3      | Reached skill level 1 in Poison Magic
  1886 | D:3      | Found an ornate altar of the Wu Jian Council.
  2297 | D:3      | HP: 10/38 [orc wizard/puff of frost (11)]
  2580 | D:3      | Reached XP level 5. HP: 38/43 MP: 7/7
  2949 | D:4      | Found a staircase to the Ecumenical Temple.
  2956 | Temple   | Entered the Ecumenical Temple
  3183 | Temple   | Became a worshipper of Warmaster Okawaru
  3272 | D:4      | Found Keam's Jewellery Emporium.
  3474 | D:4      | HP: 8/43 [orc priest/divine providence (11)]
  3481 | D:3      | HP: 5/43 [orc/+0 club (1)]
  3841 | D:3      | Reached skill level 3 in Shields
  3841 | D:3      | Reached skill level 3 in Evocations
  3960 | D:4      | Reached skill level 2 in Invocations
  3960 | D:4      | Reached XP level 6. HP: 44/50 MP: 8/8
  3983 | D:4      | Found a stormy altar of Qazlal.
  4341 | D:4      | Found Rinya's Assorted Antiques.
  4350 | D:4      | Bought an inky potion for 24 gold pieces
  4350 | D:4      | Bought a scroll labeled GULLAF HISHUGOJOLL for 27 gold
                  | pieces
  4422 | D:4      | Found Gepp's General Store.
  4917 | D:5      | Entered Level 5 of the Dungeon
  4935 | D:5      | Noticed a dagger
  4935 | D:5      | Noticed a dagger
  4954 | D:5      | Found a hide-covered altar of Uskayaw.
  5137 | D:5      | Reached skill level 5 in Fighting
  5137 | D:5      | Reached skill level 2 in Short Blades
  5137 | D:5      | Reached skill level 2 in Long Blades
  5137 | D:5      | Reached skill level 2 in Axes
  5137 | D:5      | Reached skill level 2 in Maces & Flails
  5137 | D:5      | Reached skill level 2 in Polearms
  5137 | D:5      | Reached skill level 2 in Staves
  5137 | D:5      | Reached skill level 2 in Slings
  5137 | D:5      | Reached skill level 2 in Crossbows
  5137 | D:5      | Reached skill level 2 in Throwing
  5137 | D:5      | Reached skill level 2 in Dodging
  5137 | D:5      | Reached skill level 2 in Stealth
  5137 | D:5      | Reached skill level 2 in Unarmed Combat
  5137 | D:5      | Reached skill level 2 in Spellcasting
  5496 | D:5      | Reached * piety under Okawaru
  5496 | D:5      | Reached XP level 7. HP: 35/56 MP: 10/10
  5530 | D:5      | HP: 14/56 [worker ant (3)]
  5533 | D:5      | Reached skill level 7 in Bows
  5533 | D:5      | Reached skill level 7 in Armour
  5535 | D:5      | HP: 10/56 [poisoned by a worker ant]
  5541 | D:5      | HP: 6/56 [poisoned by a worker ant]
  5546 | D:5      | HP: 5/56 [poisoned by a worker ant]
  5553 | D:5      | HP: 4/56 [poisoned by a worker ant]
  5561 | D:5      | HP: 3/56 [poisoned by a worker ant]
  5874 | D:5      | Got a jewelled buckler
  5885 | D:5      | Identified the cursed +0 buckler "Qagoqolu" {*Drain rN+ MR+
                  | Regen+} (You found it on level 5 of the Dungeon)
  5969 | D:5      | Reached skill level 2 in Conjurations
  5969 | D:5      | Reached skill level 2 in Hexes
  5969 | D:5      | Reached skill level 2 in Charms
  5969 | D:5      | Reached skill level 2 in Summonings
  5969 | D:5      | Reached skill level 2 in Necromancy
  5969 | D:5      | Reached skill level 2 in Translocations
  5969 | D:5      | Reached skill level 2 in Transmutations
  5969 | D:5      | Reached skill level 2 in Fire Magic
  5969 | D:5      | Reached skill level 2 in Ice Magic
  5969 | D:5      | Reached skill level 2 in Air Magic
  5969 | D:5      | Reached skill level 2 in Earth Magic
  5969 | D:5      | Reached skill level 2 in Poison Magic
  6249 | D:6      | Reached skill level 3 in Invocations
  6590 | D:6      | Noticed Pikel
  6603 | D:6      | HP: 11/56 [Pikel/+0 whip of electrocution (10)]
  6608 | D:6      | HP: 3/56 [Pikel/+0 whip of electrocution (12)]
  6615 | D:6      | HP: 4/56 [Pikel/+0 whip of electrocution (17)]
  6690 | D:6      | Killed Pikel
  6690 | D:6      | Reached skill level 3 in Short Blades
  6690 | D:6      | Reached skill level 3 in Long Blades
  6690 | D:6      | Reached skill level 3 in Axes
  6690 | D:6      | Reached skill level 3 in Maces & Flails
  6690 | D:6      | Reached skill level 3 in Polearms
  6690 | D:6      | Reached skill level 3 in Staves
  6690 | D:6      | Reached skill level 3 in Slings
  6690 | D:6      | Reached skill level 3 in Crossbows
  6690 | D:6      | Reached skill level 3 in Throwing
  6690 | D:6      | Reached skill level 3 in Dodging
  6690 | D:6      | Reached skill level 3 in Stealth
  6690 | D:6      | Reached skill level 4 in Shields
  6690 | D:6      | Reached skill level 3 in Unarmed Combat
  6690 | D:6      | Reached skill level 3 in Spellcasting
  6690 | D:6      | Reached skill level 4 in Evocations
  6690 | D:6      | Reached XP level 8. HP: 53/63 MP: 12/12
  6715 | D:6      | Killed a freed slave
  7234 | D:7      | Noticed Duvessa
  7234 | D:7      | Noticed Dowan
  7270 | D:7      | Killed Duvessa
  7270 | D:7      | Reached ** piety under Okawaru
  7321 | D:7      | Killed Dowan
  7380 | D:7      | Reached skill level 4 in Invocations
  7416 | D:7      | Reached skill level 3 in Conjurations
  7416 | D:7      | Reached skill level 3 in Hexes
  7416 | D:7      | Reached skill level 3 in Charms
  7416 | D:7      | Reached skill level 3 in Summonings
  7416 | D:7      | Reached skill level 3 in Necromancy
  7416 | D:7      | Reached skill level 3 in Translocations
  7416 | D:7      | Reached skill level 3 in Transmutations
  7416 | D:7      | Reached skill level 3 in Fire Magic
  7416 | D:7      | Reached skill level 3 in Ice Magic
  7416 | D:7      | Reached skill level 3 in Air Magic
  7416 | D:7      | Reached skill level 3 in Earth Magic
  7416 | D:7      | Reached skill level 3 in Poison Magic
  7430 | D:7      | Noticed a two-headed ogre
  7464 | D:7      | Killed a two-headed ogre
  7464 | D:7      | Reached *** piety under Okawaru
  7464 | D:7      | Reached skill level 6 in Fighting
  7464 | D:7      | Reached skill level 4 in Short Blades
  7464 | D:7      | Reached skill level 4 in Long Blades
  7464 | D:7      | Reached skill level 4 in Axes
  7464 | D:7      | Reached skill level 4 in Maces & Flails
  7464 | D:7      | Reached skill level 4 in Polearms
  7464 | D:7      | Reached skill level 4 in Staves
  7464 | D:7      | Reached skill level 4 in Slings
  7464 | D:7      | Reached skill level 4 in Crossbows
  7464 | D:7      | Reached skill level 4 in Throwing
  7464 | D:7      | Reached skill level 4 in Dodging
  7464 | D:7      | Reached skill level 4 in Stealth
  7464 | D:7      | Reached skill level 4 in Unarmed Combat
  7464 | D:7      | Reached skill level 4 in Spellcasting
  7464 | D:7      | Reached XP level 9. HP: 69/69 MP: 11/15
  7521 | D:7      | Reached **** piety under Okawaru
  7538 | D:7      | Reached skill level 5 in Shields
  7538 | D:7      | Reached skill level 5 in Evocations
  7559 | D:7      | Received a gift from Okawaru
  7564 | D:7      | Got a scorched scimitar
  7578 | D:7      | Got a polished war axe
  7587 | D:7      | Got a shimmering hand crossbow
  7652 | D:7      | Found Unyh Jeew's Book Shop.
  7874 | D:7      | Reached skill level 8 in Bows
  7874 | D:7      | Reached skill level 8 in Armour
  8080 | D:7      | Identified the +8 scimitar of Cuidiros {freeze, rElec SInv}
                  | (You found it on level 7 of the Dungeon)
  8081 | D:7      | Identified the +7 war axe of Righteous Anger {speed, Str+4}
                  | (You found it on level 7 of the Dungeon)
  8082 | D:7      | Identified the +0 hand crossbow of Duapp {velocity, Str+5}
                  | (You found it on level 7 of the Dungeon)
  8188 | D:7      | Reached skill level 5 in Invocations
  8302 | D:7      | Received a gift from Okawaru
  8414 | D:7      | Reached XP level 10. HP: 66/77 MP: 17/17
  8467 | D:7      | Reached skill level 4 in Conjurations
  8467 | D:7      | Reached skill level 4 in Hexes
  8467 | D:7      | Reached skill level 4 in Charms
  8467 | D:7      | Reached skill level 4 in Summonings
  8467 | D:7      | Reached skill level 4 in Necromancy
  8467 | D:7      | Reached skill level 4 in Translocations
  8467 | D:7      | Reached skill level 4 in Transmutations
  8467 | D:7      | Reached skill level 4 in Fire Magic
  8467 | D:7      | Reached skill level 4 in Ice Magic
  8467 | D:7      | Reached skill level 4 in Air Magic
  8467 | D:7      | Reached skill level 4 in Earth Magic
  8467 | D:7      | Reached skill level 4 in Poison Magic
  8609 | D:8      | Reached skill level 5 in Short Blades
  8609 | D:8      | Reached skill level 5 in Long Blades
  8609 | D:8      | Reached skill level 5 in Axes
  8609 | D:8      | Reached skill level 5 in Maces & Flails
  8609 | D:8      | Reached skill level 5 in Polearms
  8609 | D:8      | Reached skill level 5 in Staves
  8609 | D:8      | Reached skill level 5 in Slings
  8609 | D:8      | Reached skill level 5 in Crossbows
  8609 | D:8      | Reached skill level 5 in Throwing
  8609 | D:8      | Reached skill level 5 in Dodging
  8609 | D:8      | Reached skill level 5 in Stealth
  8609 | D:8      | Reached skill level 5 in Unarmed Combat
  8609 | D:8      | Reached skill level 5 in Spellcasting
  8645 | D:7      | Received a gift from Okawaru
  8789 | D:8      | Reached skill level 7 in Fighting
  8877 | D:8      | Noticed Prince Ribbit
  8915 | D:7      | HP: 13/79 [Prince Ribbit (13)]
  8921 | D:7      | Killed Prince Ribbit
  9179 | D:8      | Reached ***** piety under Okawaru
  9179 | D:8      | Reached skill level 6 in Shields
  9179 | D:8      | Reached skill level 6 in Evocations
  9375 | D:8      | Received a gift from Okawaru
  9376 | D:8      | Got a translucent crystal plate armour {god gift}
  9396 | D:7      | Reached skill level 6 in Invocations
  9409 | D:7      | Identified the +11 crystal plate armour of Kogeh {SInv}
                  | (Okawaru gifted it to you on level 8 of the Dungeon)
  9409 | D:7      | --nice!
  9409 | D:7      | --first non-ammo gift as well!
  9618 | D:8      | Upgraded the game from 0.23-a0-329-g6f3f904 to
                  | 0.23-a0-333-g006994f
  9645 | D:8      | Noticed a two-headed ogre
  9655 | D:8      | Killed a two-headed ogre
  9655 | D:8      | Reached XP level 11. HP: 71/84 MP: 19/19
 10109 | D:8      | Reached skill level 9 in Bows
 10109 | D:8      | Reached skill level 9 in Armour
 10150 | D:8      | Reached skill level 6 in Short Blades
 10150 | D:8      | Reached skill level 6 in Long Blades
 10150 | D:8      | Reached skill level 6 in Axes
 10150 | D:8      | Reached skill level 6 in Maces & Flails
 10150 | D:8      | Reached skill level 6 in Polearms
 10150 | D:8      | Reached skill level 6 in Staves
 10150 | D:8      | Reached skill level 6 in Slings
 10150 | D:8      | Reached skill level 6 in Crossbows
 10150 | D:8      | Reached skill level 6 in Throwing
 10150 | D:8      | Reached skill level 6 in Dodging
 10150 | D:8      | Reached skill level 6 in Stealth
 10150 | D:8      | Reached skill level 6 in Unarmed Combat
 10150 | D:8      | Reached skill level 6 in Spellcasting
 10202 | D:9      | Reached skill level 5 in Conjurations
 10202 | D:9      | Reached skill level 5 in Hexes
 10202 | D:9      | Reached skill level 5 in Charms
 10202 | D:9      | Reached skill level 5 in Summonings
 10202 | D:9      | Reached skill level 5 in Necromancy
 10202 | D:9      | Reached skill level 5 in Translocations
 10202 | D:9      | Reached skill level 5 in Transmutations
 10202 | D:9      | Reached skill level 5 in Fire Magic
 10202 | D:9      | Reached skill level 5 in Ice Magic
 10202 | D:9      | Reached skill level 5 in Air Magic
 10202 | D:9      | Reached skill level 5 in Earth Magic
 10202 | D:9      | Reached skill level 5 in Poison Magic
 10284 | D:9      | Found a staircase to the Lair.
 10337 | D:9      | Found a snail-covered altar of Cheibriados.
 10567 | D:9      | Noticed Maurice
 10868 | D:9      | Killed Maurice
 10947 | D:9      | Found Ifinioph's Assorted Antiques.
 11081 | D:8      | Reached skill level 7 in Invocations
 11103 | D:8      | Reached skill level 8 in Fighting
 11103 | D:8      | Reached skill level 7 in Shields
 11103 | D:8      | Reached skill level 7 in Evocations
 11281 | Lair:1   | Entered Level 1 of the Lair of Beasts
 11461 | Lair:1   | Received a gift from Okawaru
 11983 | Lair:1   | Noticed an oklob plant
 11995 | Lair:1   | Reached XP level 12. HP: 89/93 MP: 20/22
 12272 | Lair:1   | Learned a level 1 spell: Apportation
 12630 | Lair:2   | Noticed Gastronok
 12651 | Lair:2   | Killed Gastronok
 12651 | Lair:2   | Received a gift from Okawaru
 12651 | Lair:2   | Reached skill level 7 in Short Blades
 12651 | Lair:2   | Reached skill level 7 in Long Blades
 12651 | Lair:2   | Reached skill level 7 in Axes
 12651 | Lair:2   | Reached skill level 7 in Maces & Flails
 12651 | Lair:2   | Reached skill level 7 in Polearms
 12651 | Lair:2   | Reached skill level 7 in Staves
 12651 | Lair:2   | Reached skill level 7 in Slings
 12651 | Lair:2   | Reached skill level 7 in Crossbows
 12651 | Lair:2   | Reached skill level 7 in Throwing
 12651 | Lair:2   | Reached skill level 7 in Dodging
 12651 | Lair:2   | Reached skill level 7 in Stealth
 12651 | Lair:2   | Reached skill level 7 in Unarmed Combat
 12651 | Lair:2   | Reached skill level 7 in Spellcasting
 12792 | Lair:2   | Found a runed gate.
 12792 | Lair:2   | Found a runed gate.
 12794 | Lair:2   | Found a runed gate.
 12796 | Lair:2   | Noticed Ratty's ghost (journeyman MiMo)
 12837 | Lair:2   | Noticed Erica
 12847 | Lair:2   | Killed Erica
 12890 | Lair:2   | Reached skill level 6 in Conjurations
 12890 | Lair:2   | Reached skill level 6 in Hexes
 12890 | Lair:2   | Reached skill level 6 in Charms
 12890 | Lair:2   | Reached skill level 6 in Summonings
 12890 | Lair:2   | Reached skill level 6 in Necromancy
 12890 | Lair:2   | Reached skill level 6 in Translocations
 12890 | Lair:2   | Reached skill level 6 in Transmutations
 12890 | Lair:2   | Reached skill level 6 in Fire Magic
 12890 | Lair:2   | Reached skill level 6 in Ice Magic
 12890 | Lair:2   | Reached skill level 6 in Air Magic
 12890 | Lair:2   | Reached skill level 6 in Earth Magic
 12890 | Lair:2   | Reached skill level 6 in Poison Magic
 13879 | Lair:2   | Killed Ratty's ghost
 13879 | Lair:2   | Reached skill level 8 in Invocations
 13915 | Lair:2   | Got an ichor-stained arbalest
 13916 | Lair:2   | Identified a scroll of acquirement
 14240 | Lair:3   | Reached skill level 10 in Bows
 14240 | Lair:3   | Reached skill level 10 in Armour
 14240 | Lair:3   | Reached skill level 8 in Shields
 14240 | Lair:3   | Reached skill level 8 in Evocations
 14256 | Lair:3   | Found a staircase to the Swamp.
 14349 | Lair:3   | Noticed Urug
 14370 | Lair:3   | Killed Urug
 14402 | Lair:3   | Reached skill level 9 in Fighting
 14857 | Lair:3   | Noticed Snorg
 14870 | Lair:3   | Killed Snorg
 14870 | Lair:3   | Reached XP level 13. HP: 101/101 MP: 22/24
 15237 | Lair:4   | Found a staircase to the Snake Pit.
 15478 | Lair:4   | Received a gift from Okawaru
 15527 | Lair:4   | Reached skill level 8 in Short Blades
 15527 | Lair:4   | Reached skill level 8 in Long Blades
 15527 | Lair:4   | Reached skill level 8 in Axes
 15527 | Lair:4   | Reached skill level 8 in Maces & Flails
 15527 | Lair:4   | Reached skill level 8 in Polearms
 15527 | Lair:4   | Reached skill level 8 in Staves
 15527 | Lair:4   | Reached skill level 8 in Slings
 15527 | Lair:4   | Reached skill level 8 in Crossbows
 15527 | Lair:4   | Reached skill level 8 in Throwing
 15527 | Lair:4   | Reached skill level 8 in Dodging
 15527 | Lair:4   | Reached skill level 8 in Stealth
 15527 | Lair:4   | Reached skill level 8 in Unarmed Combat
 15527 | Lair:4   | Reached skill level 8 in Spellcasting
 16153 | Lair:5   | Identified the +2 battleaxe of the People {holy, rN+ Str-4
                  | Dex+6 Stlth+} (You found it on level 5 of the Lair of
                  | Beasts)
 16217 | Lair:5   | Found a snail-covered altar of Cheibriados.
 16237 | Lair:5   | Received a gift from Okawaru
 16242 | Lair:5   | Got a bloodstained scale mail {god gift}
 16332 | Lair:5   | Reached skill level 9 in Invocations
 16889 | Lair:5   | HP: 5/101 [ice statue/bolt of cold (32)]
 16890 | Lair:5   | Engulfed by an ice statue's freezing vapour

Vault maps used:
D:1:      minmay_arrival_checkered_box, minmay_distorted
D:2:      nicolae_overflow_crystal_walls, first_ration, guppyfry_early_orc_mine
D:3:      marbit_many_paths, minmay_hedge_maze, chequers_serial_rivers_micro_b,
          kennysheep_minor_cross
D:4:      temple_green, serial_shops, shop, nicolae_shop_overgrown_old_shop,
          nicolae_shop_window_shopping, grunt_qazlal_clouds
D:5:      dancing_weapons_uskayaw
D:6:      uniq_pikel
D:7:      minmay_the_grid_octo_triangle, serial_shops, shop, uniq_duvessa
D:8:      wad_woods_minihive, serial_ice, serial_ice_b, serial_ice_f,
          serial_ice_l, serial_ice_e, serial_ice_m, serial_ice_o,
          grunt_ogre_cave, uniq_prince_ribbit1
D:9:      lemuel_crystal_altar, due_lair_maze_entry_diamond, serial_shops,
          nicolae_shop_overgrown_old_shop, serial_bayou_lagoon_a,
          lemuel_another_geyser, uniq_maurice
Temple:   dpeg_five_rooms_temple
Lair:1:   dpeg_oklob_gauntlet
Lair:2:   gammafunk_ghost_split, uniq_gastronok, uniq_erica
Lair:3:   nicolae_swamp_entry_splash_gauntlet, ldierk_geyser,
          minmay_lair_oklob_bushes, columned_hall_lemuel, uniq_snorg, uniq_urug
Lair:4:   minmay_snake_entry_six_corridors
Lair:5:   statuecave_lemuel, basic_altar, grunt_forest_small_clearing_treed,
          grunt_megastairs_5

Skill      XL: |  1  2  3  4  5  6  7  8  9 10 11 12 13 |
---------------+----------------------------------------+-----
Invocations    | 1 2 3 4 5 6 7 8 9 |  9.0
Short Blades   | 1 2 3 4 5 6 7 8 |  8.2
Long Blades    | 1 2 3 4 5 6 7 8 |  8.2
Axes           | 1 2 3 4 5 6 7 8 |  8.2
Maces & Flails | 1 2 3 4 5 6 7 8 |  8.2
Polearms       | 1 2 3 4 5 6 7 8 |  8.2
Staves         | 1 2 3 4 5 6 7 8 |  8.2
Slings         | 1 2 3 4 5 6 7 8 |  8.2
Crossbows      | 1 2 3 4 5 6 7 8 |  8.2
Throwing       | 1 2 3 4 5 6 7 8 |  8.2
Dodging        | 1 2 3 4 5 6 7 8 |  8.2
Stealth        | 1 2 3 4 5 6 7 8 |  8.2
Unarmed Combat | 1 2 3 4 5 6 7 8 |  8.2
Spellcasting   | 1 2 3 4 5 6 7 8 |  8.2
Conjurations   | 1 2 3 4 5 6 |  6.8
Hexes          | 1 2 3 4 5 6 |  6.8
Charms         | 1 2 3 4 5 6 |  6.8
Summonings     | 1 2 3 4 5 6 |  6.8
Necromancy     | 1 2 3 4 5 6 |  6.8
Translocations | 1 2 3 4 5 6 |  6.8
Transmutations | 1 2 3 4 5 6 |  6.8
Fire Magic     | 1 2 3 4 5 6 |  6.8
Ice Magic      | 1 2 3 4 5 6 |  6.8
Air Magic      | 1 2 3 4 5 6 |  6.8
Earth Magic    | 1 2 3 4 5 6 |  6.8
Poison Magic   | 1 2 3 4 5 6 |  6.8
Shields        | 3 4 5 6 7 8 |  8.7
Evocations     | 3 4 5 6 7 8 |  8.7
Fighting       | 5 6 7 8 9 |  9.4
Bows           | 7 8 9 10 | 10.4
Armour         | 7 8 9 10 | 10.4

Action                   |  1- 3 |  4- 6 |  7- 9 | 10-12 | 13-15 || total
-------------------------+-------+-------+-------+-------+-------++-------
Melee: Club              |    96 |       |       |       |       ||    96
       Bite              |    20 |    28 |    36 |    99 |    36 ||   219
       Mace              |    81 |    37 |       |       |       ||   118
       Flail             |       |   292 |   100 |       |       ||   392
       Trident           |       |       |    18 |       |       ||    18
       Whip              |       |       |   207 |       |       ||   207
       War axe           |       |       |    50 |   744 |   213 ||  1007
       Scimitar          |       |       |       |    12 |     3 ||    15
Throw: Stone             |     2 |     2 |       |       |       ||     4
       Tomahawk          |       |    13 |       |       |       ||    13
       Javelin           |       |       |     5 |    17 |     3 ||    25
       Throwing net      |       |       |       |     1 |       ||     1
Invok: Heroism           |       |       |     5 |     8 |       ||    13
       Finesse           |       |       |       |     1 |       ||     1
Evoke: Wand              |       |     2 |     6 |     3 |       ||    11
  Use: Scroll            |     2 |    14 |     2 |     7 |     7 ||    32
       Potion            |       |       |     2 |     1 |     1 ||     4
 Stab: Held in net/web   |       |       |       |     2 |       ||     2
  Eat: Chunk             |     1 |    15 |     9 |    23 |     7 ||    55
       Ration            |       |       |     1 |     1 |       ||     2
Armor: Scale mail        |    64 |       |       |       |       ||    64
       Chain mail        |    90 |   181 |   218 |   141 |       ||   630
       Crystal plate arm |       |       |       |   341 |   163 ||   504
Dodge: Dodged            |   100 |   120 |   181 |   273 |    45 ||   719
Block: Buckler           |    47 |    78 |    90 |   183 |    59 ||   457

Table legend:
 A = Non-vault XP
 B = Vault XP
 C = Vault XP percentage of total XP
 D = Non-vault monster count
 E = Vault monster count
 F = Vault count percentage of total count
                 A         B        C        D         E       F
            +---------+---------+-------+---------+---------+-------
      Total |   21413 |   22370 |  51.1 |     246 |     142 |  36.6
            +---------+---------+-------+---------+---------+-------
        D:1 |      34 |       4 |  10.5 |      19 |       2 |   9.5
        D:2 |      65 |      16 |  19.8 |      31 |       7 |  18.4
        D:3 |     138 |       2 |   1.4 |      24 |       1 |   4.0
        D:4 |     141 |       0 |   0.0 |       5 |       0 |   0.0
        D:5 |     592 |       0 |   0.0 |      16 |       0 |   0.0
        D:6 |     190 |     363 |  65.6 |       9 |       1 |  10.0
        D:7 |    2056 |    2593 |  55.8 |      29 |      36 |  55.4
        D:8 |    2758 |    4614 |  62.6 |      32 |      51 |  61.4
        D:9 |     751 |    1034 |  57.9 |      16 |       7 |  30.4
     Lair:1 |    3540 |    1664 |  32.0 |      16 |       3 |  15.8
     Lair:2 |    2012 |    4643 |  69.8 |       9 |       5 |  35.7
     Lair:3 |    2684 |    3525 |  56.8 |      13 |       9 |  40.9
     Lair:4 |    2860 |    2895 |  50.3 |      12 |      17 |  58.6
     Lair:5 |    3592 |    1017 |  22.1 |      15 |       3 |  16.7
            +---------+---------+-------+---------+---------+-------

Table legend:
 A = Turns spent in this place as a percentage of turns spent in the entire game.
 B = Non-inter-level travel turns spent in this place as a percentage of non-inter-level travel turns spent in the entire game.
 C = Inter-level travel turns spent in this place as a percentage of turns spent in this place.
 D = Turns resting spent in this place as a percentage of non-inter-level travel turns spent in this place.
 E = Turns spent auto-exploring this place as a percentage of non-inter-level travel turns spent in this place.
 F = Non-inter-level travel turns spent in this place divided by the number of levels of this place that you've seen.
                   A       B       C       D       E      F
               +-------+-------+-------+-------+-------+----------------------
         Total | 100.0 | 100.0 |   5.1 |  14.9 |  48.8 | 1068.5
       Dungeon |  65.1 |  65.2 |   5.0 |  18.2 |  43.5 | 1161.8
        Temple |   1.6 |   1.2 |  29.1 |   0.0 |  97.5 | 197.0
          Lair |  33.2 |  33.5 |   4.2 |   9.1 |  57.3 | 1074.8
               +-------+-------+-------+-------+-------+----------------------

Vault maps used:
D:1:      minmay_arrival_checkered_box, minmay_distorted
D:2:      nicolae_overflow_crystal_walls, first_ration, guppyfry_early_orc_mine
D:3:      marbit_many_paths, minmay_hedge_maze, chequers_serial_rivers_micro_b,
          kennysheep_minor_cross
D:4:      temple_green, serial_shops, shop, nicolae_shop_overgrown_old_shop,
          nicolae_shop_window_shopping, grunt_qazlal_clouds
D:5:      dancing_weapons_uskayaw
D:6:      uniq_pikel
D:7:      minmay_the_grid_octo_triangle, serial_shops, shop, uniq_duvessa
D:8:      wad_woods_minihive, serial_ice, serial_ice_b, serial_ice_f,
          serial_ice_l, serial_ice_e, serial_ice_m, serial_ice_o,
          grunt_ogre_cave, uniq_prince_ribbit1
D:9:      lemuel_crystal_altar, due_lair_maze_entry_diamond, serial_shops,
          nicolae_shop_overgrown_old_shop, serial_bayou_lagoon_a,
          lemuel_another_geyser, uniq_maurice
Temple:   dpeg_five_rooms_temple
Lair:1:   dpeg_oklob_gauntlet
Lair:2:   gammafunk_ghost_split, uniq_gastronok, uniq_erica
Lair:3:   nicolae_swamp_entry_splash_gauntlet, ldierk_geyser,
          minmay_lair_oklob_bushes, columned_hall_lemuel, uniq_snorg, uniq_urug
Lair:4:   minmay_snake_entry_six_corridors
Lair:5:   statuecave_lemuel, basic_altar, grunt_forest_small_clearing_treed,
          grunt_megastairs_5
